 Dungeon Crawl Stone Soup version 0.29.0-7-g18a832c13a (webtiles) character file.

Game seed: 16875850941036758128

256 RascalDebosk the Grave Robber (level 5, -11/29 HPs)
             Began as a Deep Elf Necromancer on Aug 30, 2022.
             Mangled by Edmund
             ... wielding a +2 flail of protection
              (17 damage)
             ... on level 4 of the Dungeon.
             The game lasted 00:34:08 (4226 turns).

RascalDebosk the Grave Robber (DENe)                Turns: 4226, Time: 00:34:08

Health: -11/29     AC:  8    Str:  5    XL:     5   Next: 92%
Magic:  13/13      EV: 13    Int: 22    God:
Gold:   34         SH:  0    Dex: 15    Spells: 4/12 levels left

rFire   . . .      SeeInvis .   e - +3 dagger (pain)
rCold   . . .      Faith    .   (no shield)
rNeg    . . .      Spirit   .   a - +0 robe
rPois   .          Reflect  .   (no helmet)
rElec   .          Harm     .   (no cloak)
rCorr   .          Rampage  .   n - +1 pair of gloves
Will    .....                   (no boots)
Stlth   +++.......              (no amulet)
HPRegen 0.09/turn               l - +4 ring of protection
MPRegen 0.13/turn               (no ring)

@: no status effects
A: no striking features
a: no special abilities


You were on level 4 of the Dungeon.
You visited 1 branch of the dungeon, and saw 4 of its levels.

You collected 166 gold pieces.
You spent 132 gold pieces at shops.

Inventory:

Hand Weapons
 e - a +3 dagger of pain (weapon)
 v - a +2 mace of protection
 w - the +9 flail of Truth {vorpal, rPois Will- Dex+3}
   (You found it on level 3 of the Dungeon)

   It inflicts extra damage upon your enemies.
   Dex:       It affects your dexterity (+3).
   rPois:     It protects you from poison.
   Will:      It decreases your willpower.
Armour
 a - a +0 robe (worn)
 n - a +1 pair of gloves (worn)
Jewellery
 l - a +4 ring of protection (left hand)
Scrolls
 h - 3 scrolls of butterflies
 m - 3 scrolls of teleportation
 r - 2 scrolls of amnesia
 s - a scroll of poison
Potions
 b - a potion of magic
 c - 3 potions of flight
 d - 3 potions of curing
 i - a potion of mutation
 k - a potion of lignification


   Skills:
 - Level 1.0 Fighting
 + Level 1.6 Short Blades
 + Level 3.7 Dodging
 + Level 3.8 Stealth
 + Level 4.2 Spellcasting
 + Level 5.6 Necromancy
 + Level 2.4 Evocations


You had 4 spell levels left.
You knew the following spells:

 Your Spells              Type           Power      Damage    Failure   Level
a - Necrotise             Necr           100%       1d9       1%          1
b - Vampiric Draining     Necr           29%        2d8       3%          3
c - Animate Dead          Necr           29%        N/A       11%         4

Your spell library contained the following spells:

 Spells                   Type           Power      Damage    Failure   Level
 Agony                    Necr           29%        N/A       28%         5


Dungeon Overview and Level Annotations

Branches:
Dungeon (4/15)
 Temple: D:4-7

Altars:
Ashenzari
Elyvilon
Fedhas

Shops:
D:2 *

Annotations:
D:4 Edmund, Pikel


Message History

The worm writhes in agony!
Casting: Necrotise (safe; 1% risk of failure)
Confirm with . or Enter, or press ? or * to list all spells.
The spell is extremely dangerous to miscast (11% risk of failure)!
Continue anyway?
You call upon the dead to rise.
Aiming: Necrotise (safe; 1% risk of failure)
Press: ? - help, Q - select action, (/) - cycle Shift-Dir - straight line, f/p - worm
Aim: a worm (heavily wounded, chance to affect: 88%)
The worm writhes in agony!
Aiming: Necrotise (safe; 1% risk of failure)
Press: ? - help, Q - select action, (/) - cycle Shift-Dir - straight line, f/p - worm
Aim: a worm (almost dead, chance to affect: 88%)
The worm writhes in agony.
You kill the worm!
The dead are slithering!
Pikel, Merchant of Souls comes into view.
He is wielding a +2 whip of freezing and carrying a wand of quicksilver (8).
Press: ? - help, . - travel You can't see that place. [the floor.]
Your reaping aura is weakening.
Your reaping aura expires.
Edmund the Younger comes into view.
He is wielding a +2 flail of protection.
Your worm zombie bites Edmund.
Edmund hits your worm zombie with a +2 flail of protection!
Edmund drinks a potion.
Edmund seems to grow stronger.
Edmund hits your worm zombie with a +2 flail of protection!!
Your worm zombie barely misses Edmund.
Edmund hits your worm zombie with a +2 flail of protection!
Your worm zombie is destroyed!
Edmund barely misses you.
Edmund hits you with a +2 flail of protection!
Edmund misses you. Edmund barely misses you. Edmund misses you.
Edmund hits you with a +2 flail of protection.
Edmund hits you with a +2 flail of protection!
* * * LOW HITPOINT WARNING * * *
Edmund hits you with a +2 flail of protection!
Ouch! That really hurt!
You die...

.# .. . #. ### #K#
##.# #. #.. ... .#.
#.. #.# #.# ..
#..##.# #.###.#
#.....# #.##..#
####.#..###.##@#####
..........<..@.....#
....#......)....#.#
. #..###.#..### .
#..###...## ...
#..#....##
.....#....#.##
#..>.....#
.....#..#####


You could see Edmund (strong).

Vanquished Creatures
  2 orc priests (D:3)
  An iguana (D:4)
  2 orc wizards (D:3)
  5 gnolls
  An ufetubus (D:3)
  A worm (D:4)
  A dart slug (D:2)
  8 orcs (D:3)
  3 endoplasms
  6 giant cockroaches
  6 goblins
  5 hobgoblins
  7 kobolds
  3 quokkas
  A ball python (D:1)
  5 bats
  2 frilled lizards
  A rat (D:1)
60 creatures vanquished.

Vanquished Creatures (collateral kills)
  A dart slug (D:1)
  An endoplasm (D:3)
  A ball python (D:3)
  A frilled lizard (D:1)
4 creatures vanquished.

Vanquished Creatures (others)
  A worm zombie (D:4)
  A giant cockroach zombie (D:3)
  An orc zombie (D:3)
  3 fungi (D:1)
  A plant (D:1)
7 creatures vanquished.

Grand Total: 71 creatures vanquished

Notes
Turn   | Place    | Note
-------+----------+-------------------------------------------
     0 | D:1      | RascalDebosk the Deep Elf Necromancer began the quest for
                  | the Orb.
     0 | D:1      | Reached XP level 1. HP: 10/10 MP: 6/6
   449 | D:1      | Reached XP level 2. HP: 11/15 MP: 8/8
   612 | D:1      | Reached skill level 5 in Necromancy
  1028 | D:1      | Reached skill level 1 in Evocations
  1138 | D:1      | Reached XP level 3. HP: 15/20 MP: 5/9
  1143 | D:1      | Found a faded altar of an unknown god.
  1323 | D:1      | Learned a level 3 spell: Vampiric Draining
  1635 | D:2      | You fall into a shaft and drop 2 floors!
  1638 | D:3      | Found a white marble altar of Elyvilon.
  1792 | D:2      | Found Sastel's General Store.
  1802 | D:2      | Bought a potion of flight for 33 gold pieces
  1802 | D:2      | Bought a potion of flight for 33 gold pieces
  1802 | D:2      | Bought a scroll of identify for 22 gold pieces
  2169 | D:2      | Reached XP level 4. HP: 24/24 MP: 7/11
  2238 | D:2      | Learned a level 4 spell: Animate Dead
  2364 | D:2      | Reached skill level 1 in Fighting
  2570 | D:2      | Bought a scroll of amnesia for 44 gold pieces
  3119 | D:3      | Found a broken altar of Ashenzari.
  3135 | D:3      | Reached skill level 1 in Short Blades
  3262 | D:3      | Reached XP level 5. HP: 29/29 MP: 4/12
  3488 | D:3      | Found a blossoming altar of Fedhas.
  3490 | D:3      | Identified the +9 flail of Truth {vorpal, rPois Will-
                  | Dex+3}
  4160 | D:4      | Noticed Pikel
  4209 | D:4      | Noticed Edmund
  4226 | D:4      | Mangled by Edmund

Illustrated notes

Levels and vault maps discovered:
D:1:      dpeg_arrival_shelter, layout_basic,
          shapermc_ecumenical_altar_mp_urbaneastern
D:2:      layout_basic, serial_shops, shop
D:3:      layout_basic, mainiacjoe_overflow_catwalk, lemuel_tele_altar,
          amcnicky_altar_gilded, patterned_corridor
D:4:      layout_basic, temple_statues, cheibrodos_sewer_entry_drain,
          uniq_edmund, uniq_robin, uniq_pikel

Skill      XL: |  1  2  3  4  5 |
---------------+----------------+-----
Necromancy     | 5 |  5.6
Evocations     | 1 2 |  2.4
Stealth        | 3 |  3.8
Dodging        | 3 |  3.7
Fighting       | 1 |  1.0
Short Blades   | 1 |  1.6
Spellcasting   | 4 |  4.2

Action                   |  1- 3 |  4- 6 || total
-------------------------+-------+-------++-------
Melee: Dagger            |    27 |    29 ||    56
       Unarmed           |     2 |       ||     2
 Cast: Necrotise         |    57 |    51 ||   108
       Vampiric Draining |     1 |     2 ||     3
       Animate Dead      |       |     5 ||     5
  Use: Scroll            |       |    12 ||    12
       Potion            |       |     1 ||     1
Armor: Robe              |    11 |    18 ||    29
Dodge: Dodged            |    26 |    49 ||    75
